Minoru, lawful male human Samurai ---- ..| -..| ----- |..| +..(| |..| |<..| |..| |...| | -----..|# #....| |.....)....#########|...| | ------..|# ----- |..|# |..|# |..|# +..|# |..|# -..|# ..|Y ----@ Minoru the Ninja Experience level: 6 Strength: 14 Dexterity: 15 Constitution: 18 Intelligence: 13 Wisdom: 7 Charisma: 6 Health: 0(68) Energy: 20(20) Def: 6 Gold: 603 Moves: 1801 Dungeon seed: QE031VxyBG69rTuS Game ID: Minoru_1528713902 Your Inventory: Coins $ - 603 gold pieces Amulets J - an uncursed amulet of ESP Weapons a - an uncursed +0 katana (weapon in hand) b - an uncursed +2 wakizashi c - an uncursed +1 yumi (alternate weapon; not wielded) d - 47 uncursed +0 ya (in quiver) X - 2 uncursed +0 arrows Armor e - an uncursed rustproof +0 splint mail (being worn) Comestibles l - an uncursed cream pie Scrolls f - a cursed scroll of magic mapping x - an uncursed scroll of light z - an uncursed scroll of teleportation G - a blessed scroll of identify I - 3 uncursed scrolls of blank paper T - a cursed scroll of blank paper Rings k - an uncursed ring of slow digestion Wands g - an uncursed wand of probing (0:3) j - an uncursed wand of light (0:11) u - an uncursed wand of light (0:11) O - an uncursed wand of digging (0:5) Tools h - an uncursed blindfold o - an uncursed oil lamp (0:850) p - an uncursed tin opener s - an uncursed skeleton key L - an uncursed tin whistle W - an uncursed magic marker (0:60) Gems r - an uncursed topaz F - 2 uncursed worthless pieces of yellow glass H - an uncursed jasper Q - an uncursed worthless piece of black glass Spells and supernatural/magical abilities: Name Level Category Fail Memory W - pray for help -- divine ? -- Your skills at the end: Miscellaneous Skills martial arts [Basic] wands [Basic] stealth [Basic] Weapon Skills short sword [Basic] long sword [Skilled] bow [Basic] Spellcasting Skills Final Attributes: You were fervently aligned. You were confused. Your writing hand was ok. You were somewhat stealthy. You were fast. You are dead. Vanquished creatures: a small mimic a giant beetle a bugbear a wood nymph a pony 4 gnome lords a paper golem 5 giant ants a puppy 2 floating eyes a kitten 2 dwarves a centipede a jitterbug 2 monkeys a werejackal 2 coyotes 2 large kobolds 3 giant rats 3 yellow molds a green mold a red mold 18 gnomes a gnome zombie 7 jackals 2 foxes 3 kobolds 2 newts 2 goblins 2 sewer rats 4 lichens 79 creatures vanquished. Voluntary challenges: You did not adorn yourself with jewelry or accessories. You did not cause conflict. You were not invisible. You did not have reflection. You were not displaced. You were an atheist. You used a wielded weapon 114 times, starting on turn 1. You did not apply a unicorn horn. You did not use plumbed fixtures. You did not drink any magical draughts. You read items or engraved 1 time, starting on turn 220. You never genocided any monsters. You never polymorphed an object. You never changed form. You used no wishes. You never split a pudding. You never wrote Elbereth's name. You never violatedbushido. Dungeon overview: The Dungeons of Doom: levels 1 to 5 Level 1 a fountain a long staircase Level 2 a hardware shop Level 3 a fountain Level 4 a fountain, a sink stairs to The Gnomish Mines Level 5 The Gnomish Mines: levels 5 to 7 Level 5 stairs to The Dungeons of Doom Level 6 Level 7 <- You were here History has recorded: On T:1 you entered the Dungeons of Doom to retrieve the Amulet of Yendor! On T:228 you reached level 2 of The Dungeons of Doom. On T:229 you advanced to experience level 2. On T:386 you reached level 3 of The Dungeons of Doom. On T:436 you advanced to experience level 3. On T:514 you reached level 4 of The Dungeons of Doom. On T:517 you advanced to experience level 4. On T:864 you reached level 5 of The Dungeons of Doom. On T:963 you advanced to experience level 5. On T:1026 you reached level 1 of The Gnomish Mines. On T:1276 you reached level 2 of The Gnomish Mines. On T:1286 you advanced to experience level 6. On T:1564 you reached level 3 of The Gnomish Mines. Score breakdown: Gold: 603 ( 60 points) Experience: 6 levels ( 500 points) Exploration: 7 levels ( 180 points) Discoveries: 23 items ( 1150 points) Variety of kills: 31 monsters ( 1550 points) Major goal: (nothing yet) ( 0 points) Survival: died (score multiplied by 3) Total score: 10320 Latest messages: The monkey stole a tallow candle. The monkey bites! The monkey claws you! The monkey stole an opal ring. The monkey bites! You're done throwing up. The monkey claws you! The monkey tries to take your oil lamp but gives up. The monkey bites! You are now wielding your katana. c - an uncursed +1 yumi (alternate weapon; not wielded). Sparks fly as you whack the wall. The monkey misses. The monkey bites! Sparks fly as you whack the wall. You feel a bit steadier now. Sparks fly as you whack the wall. The monkey claws you! The monkey tries to snatch your wand of probing but gives up. The monkey bites! You slash the monkey! (2x) The monkey claws you! The monkey tries to steal your cream pie but gives up. The monkey bites! You die... Final status: Sayonara Minoru the Samurai, killed by a monkey... You died in The Gnomish Mines on dungeon level 7 with 10320 points, and 603 pieces of gold, after 1801 moves. You were level 6 with a maximum of 68 hit points when you died.